 Dungeon Crawl Stone Soup version 0.27.1-3-gb3d3a73c9e (webtiles) character file.

Game seed: 6324572966754409146

14632 earthworldpsion the Fighter (level 11, -4/102 HPs)
             Began as a Minotaur Berserker on Oct 21, 2021.
             Was a Priest of Trog.
             Shot with an arrow by a centaur (6 damage)
             ... led by a centaur warrior
             ... on level 13 of the Dungeon.
             The game lasted 00:31:27 (11804 turns).

earthworldpsion the Fighter (Minotaur Berserker)   Turns: 11804, Time: 00:31:28

Health: -4/102     AC: 15    Str: 26    XL:     11   Next: 91%
Magic:  10/10      EV: 13    Int:  4    God:    Trog [***...]
Gold:   240        SH:  9    Dex: 11    Spells: 10/10 levels left

rFire    . . .     SeeInvis +   k - +2 morningstar (drain)
rCold    + . .     Faith    .   P - +0 buckler of the Louse {rF- rCorr Str+2 SInv}
rNeg     . . .     Spirit   .   d - +4 scale mail {rC+}
rPois    .         Reflect  +   (helmet restricted)
rElec    .         Harm     .   m - +0 cloak
rCorr    +         Rampage  .   (no gloves)
Will     .....                  A - +0 pair of boots
Stlth    ..........             v - amulet of reflection
HPRegen  0.27/turn              g - ring of protection from fire
MPRegen  0.12/turn              (no ring)

@: on berserk cooldown, slowed, very slow
A: horns 2, retaliatory headbutt
a: Renounce Religion, Berserk, Trog's Hand


You were on level 13 of the Dungeon.
You worshipped Trog.
Trog was most pleased with you.
You visited 1 branch of the dungeon, and saw 13 of its levels.

You collected 844 gold pieces.
You spent 604 gold pieces at shops.

Inventory:

Hand Weapons
 a - a +0 hand axe
 k - a +2 morningstar of draining (weapon)
 B - a +2 trident of protection
 D - a +4 dire flail of freezing
Missiles
 y - a throwing net
Armour
 c - a scarf of resistance
 d - a +4 scale mail of cold resistance (worn)
 m - a +0 cloak (worn)
 A - a +0 pair of boots (worn)
 H - a +0 chain mail
 J - +0 steam dragon scales
 P - the +0 buckler of the Louse (worn) {rF- rCorr Str+2 SInv}
   (You bought it in a shop on level 12 of the Dungeon)

   Str:       It affects your strength (+2).
   rF:        It makes you vulnerable to fire.
   SInv:      It lets you see invisible.
   rCorr:     It protects you from acid and corrosion.
Jewellery
 g - a ring of protection from fire (left hand)
 v - an amulet of reflection (around neck)
 E - an amulet of faith
 L - an amulet of guardian spirit
Wands
 b - a wand of polymorph (5)
 r - a wand of flame (29) (quivered)
 s - a wand of digging (13)
 x - a wand of iceblast (17)
Scrolls
 f - 2 scrolls of enchant armour
 l - 2 scrolls of vulnerability
 o - 2 scrolls of magic mapping
 q - a scroll of holy word
 t - 3 scrolls of enchant weapon
 K - 4 scrolls of identify
 O - a scroll of teleportation {unknown}
Potions
 e - a potion of attraction {unknown}
 h - 4 potions of curing
 j - 2 potions of flight {unknown}
 n - 2 potions of haste {unknown}
 p - 2 potions of brilliance {unknown}
 u - a potion of lignification {unknown}
 w - 3 potions of heal wounds
 z - a potion of mutation {unknown}
 C - 2 potions of cancellation {unknown}
 F - 2 potions of ambrosia {unknown}
 G - a potion of might {unknown}
 I - 3 potions of berserk rage {unknown}
 M - a potion of invisibility {unknown}
 N - a potion of resistance {unknown}


   Skills:
 + Level 11.0 Fighting
 + Level 11.0(12.4) Axes
 + Level 9.9(11.9) Maces & Flails
 + Level 10.7 Armour
 + Level 9.8 Dodging
 + Level 2.1 Shields


You had 10 spell levels left.
You didn't know any spells.
Your spell library was empty.

Dungeon Overview and Level Annotations

Branches:
Dungeon (13/15)            Temple (0/1) D:5            Lair (0/6) D:10
    Orc (0/2) D:12
 Vaults: D:13-14

Altars:
Dithmenos
Fedhas
Hepliaklqana
Kikubaaqudgha
Makhleb
Nemelex Xobeh
Qazlal
Ru
Vehumet
Wu Jian
Zin
The Shining One
Beogh

Shops:
D:1 ****:   D:3 (   D:6 (   D:12 [*


Innate Abilities, Weirdness & Mutations

You have a pair of horns on your head.
You reflexively headbutt those who attack you in melee.


Message History

The howler monkey looks frightened! x3
The centaur warrior resists with almost no effort.
The troll looks frightened! x2
A centaur comes into view.
The centaur wields a +0 shortbow.
The centaur shoots an arrow.
The arrow closely misses you.
The centaur unwields a +0 shortbow.
You block the centaur's attack.
The centaur kicks you but does no damage.
Cornered, the howler monkey turns to fight!
The centaur warrior wields a +0 longbow.
The centaur warrior shoots an arrow.
The arrow closely misses you.
The arrow hits the seven-headed hydra!!
A vampire mosquito comes into view.
You block the centaur's attack. The centaur barely misses you.
The centaur warrior shoots an arrow.
The arrow barely misses you.
The arrow completely misses the seven-headed hydra.
The tengu warrior seems to regain its courage.
The seven-headed hydra seems to regain its courage.
You block the centaur's attack. The centaur closely misses you.
The centaur warrior shoots an arrow.
The arrow hits you!!
* * * LOW HITPOINT WARNING * * *
A vampire mosquito comes into view.
The centaur hits you but does no damage.
The centaur kicks you but does no damage.
The seven-headed hydra bites you.
* * * LOW HITPOINT WARNING * * *
The seven-headed hydra bites you!
* * * LOW HITPOINT WARNING * * *
You block the seven-headed hydra's attack.
The seven-headed hydra closely misses you.
The seven-headed hydra bites you!
* * * LOW HITPOINT WARNING * * *
The seven-headed hydra closely misses you.
The seven-headed hydra bites you but does no damage.
The vampire mosquito buzzes angrily.
The centaur wields a +0 shortbow.
The centaur shoots an arrow.
You reflect the arrow off an invisible shield around you!
The arrow hits the centaur but does no damage.
The centaur shoots an arrow.
The arrow hits you.
You die...

#.# ..# #.# .....
#.# ....### ..+
....... #.#
....h## #######.#
.T..... .T.....<#
.......
.......@##)......
..y...D..cQ......
.......c##.h.#.#.
........# ...#
........# ####
.........
.........
...###... ...
###..


You could see a seven-headed hydra, a tengu warrior, a centaur warrior, a troll
(fleeing), a vampire mosquito, a centaur and a howler monkey.

Vanquished Creatures
  Erica (D:8)
  2 centaur warriors
  A two-headed ogre (D:10)
  A skeletal warrior (D:11)
  2 wizards (D:12)
  Pikel (D:5)
  2 deep elf pyromancers (D:12)
  A manticore (D:12)
  Maurice (D:10)
  2 komodo dragons (D:12)
  2 unseen horrors
  4 trolls
  A hornet (D:8)
  A meliai zombie (D:11)
  A wraith (D:9)
  A water elemental (D:12)
  2 wyverns (D:10)
  3 basilisks
  A fire elemental (D:12)
  A steam dragon (D:10)
  4 vampire mosquitoes (D:8)
  An acid dragon (D:10)
  4 water moccasins
  2 sky beasts (D:7)
  5 orc warriors
  3 ogres (D:6)
  A phantom (D:6)
  2 centaurs
  A lemure (D:5)
  A kobold brigand (D:9)
  Blork the orc (D:4)
  5 bullfrogs
  3 gnoll sergeants
  2 scorpions (D:5)
  3 wyvern zombies
  A water moccasin skeleton (D:4)
  3 killer bees (D:10)
  6 wights
  A howler monkey (D:10)
  2 electric eels (D:11)
  A jelly (D:8)
  2 centaur zombies
  2 gnoll shamans
  2 hounds (D:4)
  A centaur skeleton (D:4)
  4 orc priests
  Ijyb (D:4)
  Terence (D:3)
  3 iguanas
  4 orc wizards
  A hound skeleton (D:4)
  A howler monkey zombie (D:9)
  24 gnolls
  5 adders
  2 river rats (D:4)
  A white imp (D:8)
  4 worms
  2 dart slugs
  49 orcs
  2 endoplasms
  13 goblins
  5 hobgoblins
  5 jackals (D:4)
  4 quokkas
  5 ball pythons
  10 bats
  A frilled lizard (D:3)
  9 kobolds
  7 rats
253 creatures vanquished.

Vanquished Creatures (others)
  An orc wizard (D:8)
  A jackal (D:4)
  5 plants (D:4)
  2 withered plants (D:4)
9 creatures vanquished.

Grand Total: 262 creatures vanquished

Notes
Turn   | Place    | Note
-------+----------+-------------------------------------------
     0 | D:1      | earthworldpsion the Minotaur Berserker began the quest for
                  | the Orb.
     0 | D:1      | Reached XP level 1. HP: 19/19 MP: 0/0
   161 | D:1      | Found Haaff's Assorted Antiques.
   204 | D:1      | Found Juma's Assorted Antiques.
   211 | D:1      | Found Ukaoh's General Store.
   275 | D:1      | Found Vupunin's Book Emporium.
   281 | D:1      | Reached XP level 2. HP: 27/27 MP: 1/1
   432 | D:1      | Found Afitorgh's Assorted Antiques.
   498 | D:1      | Reached ** piety under Trog
  1025 | D:2      | You fall into a shaft and drop 2 floors!
  1036 | D:4      | Reached XP level 3. HP: 33/33 MP: 2/2
  1041 | D:4      | Reached XP level 4. HP: 41/41 MP: 3/3
  1183 | D:3      | Noticed Terence
  1189 | D:3      | Killed Terence
  1190 | D:3      | Reached XP level 5. HP: 47/47 MP: 4/4
  1203 | D:3      | Found Kuippet's Antique Weapon Shop.
  1981 | D:4      | Noticed Ijyb
  1987 | D:4      | Killed Ijyb
  2178 | D:4      | Reached skill level 5 in Axes
  2178 | D:4      | Reached skill level 1 in Maces & Flails
  2190 | D:4      | Reached skill level 5 in Fighting
  2220 | D:4      | Found a blossoming altar of Fedhas.
  2224 | D:4      | Found an ancient bone altar of Kikubaaqudgha.
  2314 | D:4      | Reached XP level 6. HP: 50/56 MP: 5/5
  2538 | D:4      | Found a burning altar of Makhleb.
  2564 | D:4      | Noticed Blork the orc
  2571 | D:4      | Killed Blork the orc
  2628 | D:4      | Found a radiant altar of Vehumet.
  2647 | D:4      | Found a glowing golden altar of the Shining One.
  2788 | D:5      | Entered Level 5 of the Dungeon
  2795 | D:5      | Noticed a water moccasin
  2803 | D:5      | Killed a water moccasin
  2828 | D:5      | Reached *** piety under Trog
  2876 | D:5      | Noticed Pikel
  2885 | D:5      | Killed Pikel
  2886 | D:5      | Reached skill level 5 in Armour
  2886 | D:5      | Reached skill level 5 in Dodging
  2886 | D:5      | Reached XP level 7. HP: 63/63 MP: 6/6
  2894 | D:5      | Reached XP level 8. HP: 65/70 MP: 7/7
  3278 | D:5      | Found a staircase to the Ecumenical Temple.
  3792 | D:6      | Reached skill level 5 in Maces & Flails
  3867 | D:6      | Found Anuagh's Firing Range.
  4141 | D:6      | Reached XP level 9. HP: 52/79 MP: 8/8
  4427 | D:6      | Found an ornate altar of the Wu Jian Council.
  4836 | D:7      | Found a sacrificial altar of Ru.
  4858 | D:7      | Found a glowing silver altar of Zin.
  5129 | D:7      | Found a flagged portal.
  6001 | D:8      | Reached **** piety under Trog
  6387 | D:8      | Paralysed by a hornet for 3 turns
  6491 | D:8      | Noticed Erica
  6498 | D:8      | Killed Erica
  6499 | D:8      | Reached XP level 10. HP: 90/90 MP: 9/9
  6502 | D:8      | Found a runed translucent door.
  7375 | D:9      | Found a stormy altar of Qazlal.
  7735 | D:9      | Found a shadowy altar of Dithmenos.
  7738 | D:9      | Found a hazy altar of Hepliaklqana.
  7741 | D:9      | Found a sparkling altar of Nemelex Xobeh.
  7927 | D:9      | Identified the +2 robe "Megum" {Str+4}
  7989 | D:10     | Entered Level 10 of the Dungeon
  8413 | D:10     | Found a staircase to the Lair.
  8738 | D:10     | Noticed a two-headed ogre
  8738 | D:10     | Noticed a centaur warrior
  8746 | D:10     | Killed a two-headed ogre
  8747 | D:10     | Reached skill level 10 in Fighting
  8747 | D:10     | Reached skill level 10 in Axes
  8747 | D:10     | Reached XP level 11. HP: 99/99 MP: 10/10
  8749 | D:10     | Killed a centaur warrior
  8970 | D:10     | Noticed Maurice
  8982 | D:10     | Killed Maurice
  9935 | D:11     | Noticed a skeletal warrior
  9938 | D:11     | Noticed a skeletal warrior
  9938 | D:11     | Noticed a skeletal warrior
  9950 | D:11     | Noticed a skeletal warrior
  9953 | D:11     | Killed a skeletal warrior
  9954 | D:11     | Reached skill level 10 in Armour
  9954 | D:11     | Noticed a skeletal warrior
  9971 | D:12     | Found Qufomoy's Assorted Antiques.
 10004 | D:12     | Bought a scroll of enchant armour for 150 gold pieces
 10006 | D:12     | Bought a shiny scale mail for 140 gold pieces
 10645 | D:12     | Noticed a deep elf pyromancer
 10662 | D:12     | Killed a deep elf pyromancer
 10677 | D:12     | Noticed a deep elf pyromancer
 10704 | D:12     | HP: 5/101 [deep elf pyromancer/bolt of fire (5)]
 10705 | D:12     | Killed a deep elf pyromancer
 11263 | D:12     | Found Worghyz's Armour Emporium.
 11274 | D:12     | Bought the +0 buckler of the Louse {rF- rCorr Str+2 SInv}
                  | for 314 gold pieces
 11590 | D:12     | Found a staircase to the Orcish Mines.
 11699 | D:12     | Noticed a wizard
 11699 | D:12     | Noticed a wizard
 11704 | D:12     | Killed a wizard
 11705 | D:12     | Reached skill level 1 in Shields
 11708 | D:12     | Killed a wizard
 11780 | D:13     | Noticed a tengu warrior
 11780 | D:13     | Noticed a tengu warrior
 11780 | D:13     | Noticed a centaur warrior
 11788 | D:13     | Killed a centaur warrior
 11799 | D:13     | Noticed a seven-headed hydra
 11800 | D:13     | Noticed a centaur warrior
 11803 | D:13     | HP: 2/102 [seven-headed hydra (10)]
 11804 | D:13     | Shot with an arrow by a centaur

Illustrated notes

Levels and vault maps discovered:
D:1:      dpeg_arrival_circle_labyrinth_c, layout_basic, serial_shops,
          nicolae_square_shop, nicolae_shop_stone, nicolae_shop_trees,
          nicolae_diamond_shop, shop, minmay_hexomino_f4
D:2:      layout_basic, uniq_sigmund
D:3:      layout_basic, serial_shops, nicolae_lakefront_shop, minmay_bisected,
          uniq_terence
D:4:      kennysheep_the_goblin_king, layout_cave_pools,
          grunt_temple_overflow_growth_and_decay, mainiacjoe_overflow_alcove_4,
          mainiacjoe_overflow_six_doors_small, fiery_altar_vehumet,
          lightli_sewer_entry_pipes, uniq_blork_the_orc
D:5:      layout_loops_ring, minmay_temple_entry_antechambers, uniq_pikel
D:6:      layout_basic, nzn_wu_jian_council_hall, nicolae_shop_firing_range
D:7:      layout_loops_corners, mainiacjoe_overflow_cross_hatched,
          zin_scriptorium, enter_bailey_5, kennysheep_cross_room
D:8:      layout_loops_ring, lightli_church_of_beogh, uniq_erica
D:9:      layout_cave_pools, grunt_temple_overflow_diamond,
          mainiacjoe_overflow_small_starburst
D:10:     layout_loops_ring, nicolae_overflow_hidden_temple, erik_lair_dragon,
          uniq_maurice
D:11:     layout_basic, minivault_7, uniq_nergalle
D:12:     cheibrodos_lost_city_excavation, layout_cave_pools, hiddenorc1_lemuel,
          serial_shops, shop, shop, minmay_door_square, fountainhead
D:13:     layout_basic, serial_glass, glass_columns_a, glass_columns_a

Skill      XL: |  1  2  3  4  5  6  7  8  9 10 11 |
---------------+----------------------------------+-----
Fighting       | 4 5 6 7 8 10 11 | 11.0
Axes           | 4 5 6 7 8 10 11 | 11.0
Armour         | 3 4 5 6 8 9 10 | 10.7
Dodging        | 3 5 6 7 8 9 |  9.8
Maces & Flails | 1 3 5 7 8 9 |  9.9
Shields        | 2 |  2.1

Action                   |  1- 3 |  4- 6 |  7- 9 | 10-12 || total
-------------------------+-------+-------+-------+-------++-------
Melee: Hand axe          |    44 |     9 |       |       ||    53
       Headbutt          |     4 |    14 |    27 |    63 ||   108
       Morningstar       |       |   100 |   158 |   315 ||   573
       Unarmed           |       |       |       |     5 ||     5
Invok: Berserk           |     1 |     3 |     4 |    12 ||    20
       Trog's Hand       |     1 |     1 |     3 |    16 ||    21
Evoke: Wand              |       |       |       |     8 ||     8
  Use: Scroll            |       |       |    10 |     6 ||    16
       Potion            |       |       |       |     1 ||     1
Armor: Ring mail         |    20 |    51 |    39 |    67 ||   177
       Chain mail        |       |       |       |    64 ||    64
       Scale mail        |       |       |       |   117 ||   117
       Skin              |       |       |       |     1 ||     1
Dodge: Dodged            |    32 |    57 |   101 |   284 ||   474
Block: Other             |       |     9 |    36 |    72 ||   117
       Reflection        |       |       |     3 |     2 ||     5
       Buckler           |       |       |       |    58 ||    58
